 Dungeon Crawl Stone Soup version 0.27-a0-1123-g2f9bb313c0 (webtiles) character file.

Game seed: 7783859099082960417

3288 wakim the Destroyer (level 9, 0/52 HPs)
             Began as a Deep Elf Conjurer on May 3, 2021.
             Was a Believer of Vehumet.
             Slain by Harold
             ... wielding a +2 flail of protection
              (16 damage)
             ... on level 7 of the Dungeon.
             The game lasted 00:19:36 (7876 turns).

wakim the Destroyer (Deep Elf Conjurer)             Turns: 7876, Time: 00:19:36

Health: 0/52       AC:  8    Str:  6    XL:     9   Next: 69%
Magic:  0/25       EV:  7    Int: 25    God:    Vehumet [**....]
Gold:   33         SH:  0    Dex: 13    Spells: 13/24 levels left

rFire    + . .     SeeInvis .   a - +0 short sword (elec)
rCold    . . .     Faith    .   (no shield)
rNeg     . . .     Spirit   .   i - +0 robe
rPois    +         Reflect  .   (no helmet)
rElec    .         Harm     .   g - +1 cloak
rCorr    .         Rampage  .   d - +2 pair of gloves
Will     .....                  l - +0 pair of boots
Stlth    ++........             f - amulet of regeneration
HPRegen  1.17/turn              j - ring of protection from fire
MPRegen  0.19/turn              (no ring)

@: marked, held
A: high mp 1, poison resistance, sturdy frame 1
a: Renounce Religion


You were on level 7 of the Dungeon.
You worshipped Vehumet.
Vehumet was pleased with you.
You visited 1 branch of the dungeon, and saw 7 of its levels.

You collected 292 gold pieces.
You spent 259 gold pieces at shops.

Inventory:

Hand Weapons
 a - a +0 short sword of electrocution (weapon)
 b - a +1 short sword of protection
Missiles
 c - 3 curare-tipped darts {=f}
Armour
 d - a +2 pair of gloves (worn)
 e - a +0 tower shield
 g - a +1 cloak (worn)
 i - a +0 robe (worn)
 l - a +0 pair of boots (worn)
Jewellery
 f - an amulet of regeneration (around neck)
 h - an amulet of reflection
 j - a ring of protection from fire (left hand)
Wands
 x - a wand of iceblast (11)
Scrolls
 R - a scroll of magic mapping {!r}
Potions
 k - a potion of haste {unknown}
 m - a potion of curing {unknown}
 D - 2 potions of brilliance
 G - 2 potions of flight
 J - 2 potions of heal wounds
 L - a potion of lignification {!q}


   Skills:
 + Level 3.7 Fighting
 + Level 6.2 Dodging
 - Level 4.0 Stealth
 + Level 8.3 Spellcasting
 * Level 10.4 Conjurations
 * Level 4.0 Hexes
 * Level 4.0 Translocations
 + Level 0.0 Evocations


You had 13 spell levels left.
You knew the following spells:

 Your Spells              Type           Power      Damage    Failure   Level
a - Magic Dart            Conj           100%       1d8       1%          1
s - Searing Ray           Conj           100%       3d7       1%          2
x - Iskenderun's Mystic   Conj/Tloc      46%        2d10      3%          4
z - Fulminant Prism       Conj/Hex       23%        3d13      3%          4

Your spell library contained the following spells:

 Spells                   Type           Power      Damage    Failure   Level
 Freeze                   Ice            40%        1d6       6%          1
 Apportation              Tloc           60%        N/A       1%          1
 Corona                   Hex            33%        N/A       1%          1
 Slow                     Hex            30%        N/A       1%          2
 Dazzling Flash           Conj/Hex       92%        N/A       1%          3
 Confusing Touch          Hex            30%        N/A       3%          3
 Gell's Gravitas          Tloc           15%        N/A       3%          3
 Portal Projectile        Hex/Tloc       60%        N/A       3%          3
 Animate Skeleton         Necr           20%        N/A       6%          1
 Summon Small Mammal      Summ           40%        N/A       6%          1
 Inner Flame              Hex/Fire       20%        N/A       8%          3
 Summon Guardian Golem    Hex/Summ       20%        N/A       8%          3
 Call Imp                 Summ           10%        N/A       9%          2
 Cause Fear               Hex            15%        N/A       12%         4
 Call Canine Familiar     Summ           10%        N/A       19%         3
 Leda's Liquefaction      Hex/Erth       10%        N/A       26%         4
 Petrify                  Tmut/Erth      10%        N/A       52%         4
 Summon Ice Beast         Ice/Summ       10%        N/A       52%         4
 Summon Lightning Spire   Summ/Air       10%        N/A       52%         4
 Metabolic Englaciation   Hex/Ice        10%        N/A       58%         5
 Yara's Violent Unravell  Hex/Tmut       10%        3d6       58%         5


Dungeon Overview and Level Annotations

Branches:
Dungeon (7/15)
 Temple: D:4-7

Altars:
Ashenzari
Gozag
Okawaru
Qazlal
Vehumet
Yredelemnul
The Shining One

Shops:
D:1 (   D:6 *

Annotations:
D:7 Harold


Innate Abilities, Weirdness & Mutations

You have an increased reservoir of magic. (+10% MP)
Your system is resistant to poisons. (rPois)
Your movements are slightly less encumbered by armour. (ER -2)


Message History

Your fulminant prism crackles loudly.
The searing ray hits Harold!
Harold is heavily wounded.
Harold hits you with a +2 flail of protection!
Your fulminant prism explodes!
The blast of energy engulfs Harold!!
Harold is almost dead.
Casting: Searing Ray (safe; 1% risk of failure)
Confirm with . or Enter, or press ? or * to list all spells.
You don't have enough magic to cast this spell.
Unknown command.
You struggle against the net.
Harold points at you and mumbles some strange words.
You barely resist.
You struggle against the net.
A centaur comes into view.
Harold hits you with a +2 flail of protection!
The centaur wields a +0 shortbow.
The centaur shoots an arrow.
The arrow hits you.
You struggle against the net.
Harold closely misses you.
The centaur shoots an arrow.
The arrow hits you!
* * * LOW HITPOINT WARNING * * *
You struggle against the net.
Harold hits you with a +2 flail of protection!
* * * LOW HITPOINT WARNING * * *
You feel much better.
The centaur shoots an arrow.
The arrow hits you!
* * * LOW HITPOINT WARNING * * *
The centaur shoots an arrow.
The arrow hits you.
* * * LOW HITPOINT WARNING * * *
Harold closely misses you.
Casting: Searing Ray (safe; 1% risk of failure)
Confirm with . or Enter, or press ? or * to list all spells.
Aiming: Fulminant Prism (dangerous; 3% risk of failure)
Press: ? - help, Dir - move target, p - Harold You conjure a prism of explosive energy!
A fulminant prism comes into view.
The centaur shoots an arrow.
The arrow hits you.
* * * LOW HITPOINT WARNING * * *
Harold hits you with a +2 flail of protection!
You die...

.........#
.........#### #
............#
####.#
..>.......#.#
##<...#
..........#.#
#..####
.........##.###.##
.......#.##.##..#
..#.####..#....##
#... ####)..@@..#
....##......)...#
##........*.....#
#......##...#####
#...... #.#c....
#...... #.#.###.#
###...# #.#.. #...
..##.# .... ### .#


You could see Harold, a centaur (ally target) and a friendly fulminant prism.

Vanquished Creatures
  A kobold demonologist (D:6)
  Grinder (D:6)
  Sigmund (D:3)
  A wyvern (D:7)
  2 water moccasins
  3 black bears
  An orc warrior (D:7)
  A necrophage (D:5)
  An ogre (D:4)
  2 phantoms
  A kobold brigand (D:7)
  4 scorpions
  2 bullfrogs
  A wyvern zombie (D:4)
  2 water moccasin zombies
  A wyvern skeleton (D:6)
  7 killer bees
  3 wights
  A howler monkey (D:6)
  A centaur zombie (D:4)
  3 hounds (D:5)
  2 centaur skeletons
  A jelly (D:5)
  A bullfrog zombie (D:5)
  3 iguanas
  A hound zombie (D:5)
  The ghost of emiel the Slasher, a weakling OpBe of Trog (D:3)
  2 hound skeletons (D:4)
  7 adders
  A worm (D:3)
  6 dart slugs
  23 orcs
  3 endoplasms
  2 giant cockroaches
  3 goblins
  2 hobgoblins (D:3)
  8 jackals
  2 quokkas
  7 ball pythons
  4 bats
  3 frilled lizards
  8 kobolds
  3 rats
133 creatures vanquished.

Vanquished Creatures (others)
  8 fulminant prisms
8 creatures vanquished.

Grand Total: 141 creatures vanquished

Notes
Turn   | Place    | Note
-------+----------+-------------------------------------------
     0 | D:1      | wakim the Deep Elf Conjurer began the quest for the Orb.
     0 | D:1      | Reached XP level 1. HP: 10/10 MP: 6/6
   231 | D:1      | Reached XP level 2. HP: 15/15 MP: 6/8
   829 | D:1      | Found Jiet's Antique Weapon Shoppe.
  1112 | D:2      | Learned a level 2 spell: Searing Ray
  1259 | D:2      | Reached skill level 5 in Conjurations
  1259 | D:2      | Reached XP level 3. HP: 19/19 MP: 6/10
  1980 | D:3      | Found a basalt altar of Yredelemnul.
  2235 | D:3      | Noticed Sigmund
  2293 | D:3      | Reached XP level 4. HP: 24/24 MP: 3/11
  2366 | D:3      | Found a faded altar of an unknown god.
  2446 | D:3      | Gained mutation: Your magical capacity is low. (-10% MP)
                  | [potion of mutation]
  2446 | D:3      | Gained mutation: You expend magic power (3 MP) to
                  | strengthen your wands. [potion of mutation]
  2462 | D:3      | Killed Sigmund
  2463 | D:3      | Reached skill level 6 in Conjurations
  2463 | D:3      | Reached XP level 5. HP: 27/28 MP: 5/13
  2500 | D:3      | Lost mutation: You expend magic power (3 MP) to strengthen
                  | your wands. [potion of mutation]
  2500 | D:3      | Lost mutation: Your magical capacity is low. (-10% MP)
                  | [potion of mutation]
  2500 | D:3      | Gained mutation: Your system is resistant to poisons.
                  | (rPois) [potion of mutation]
  2500 | D:3      | Gained mutation: You have an increased reservoir of magic.
                  | (+10% MP) [potion of mutation]
  2500 | D:3      | Gained mutation: Your movements are slightly less
                  | encumbered by armour. (ER -2) [potion of mutation]
  2793 | D:3      | Found a runed translucent door.
  3030 | D:3      | Noticed emiel's ghost (weakling OpBe)
  3036 | D:3      | Killed emiel's ghost
  3037 | D:3      | Reached XP level 6. HP: 32/32 MP: 10/16
  3294 | D:4      | Found an iron altar of Okawaru.
  3396 | D:4      | Reached skill level 5 in Spellcasting
  3473 | D:4      | Reached skill level 7 in Conjurations
  3787 | D:4      | Learned a level 4 spell: Fulminant Prism
  3792 | D:4      | Learned a level 4 spell: Iskenderun's Mystic Blast
  3886 | D:4      | Reached skill level 1 in Hexes
  3886 | D:4      | Reached XP level 7. HP: 26/37 MP: 13/19
  4503 | D:4      | Found a radiant altar of Vehumet.
  4536 | D:4      | Became a worshipper of Vehumet
  4630 | D:5      | Entered Level 5 of the Dungeon
  4639 | D:5      | Reached skill level 1 in Translocations
  4710 | D:5      | Reached skill level 1 in Fighting
  4798 | D:5      | Reached skill level 8 in Conjurations
  4917 | D:5      | Found a broken altar of Ashenzari.
  4960 | D:5      | Reached XP level 8. HP: 44/44 MP: 14/21
  5659 | D:5      | Found a stormy altar of Qazlal.
  6097 | D:6      | Reached * piety under Vehumet
  6097 | D:6      | Offered knowledge of Foxfire by Vehumet.
  6249 | D:6      | Noticed Grinder
  6252 | D:6      | Paralysed by Grinder for 4 turns
  6257 | D:6      | Paralysed by Grinder for 2 turns
  6259 | D:6      | Killed Grinder
  6260 | D:6      | Reached skill level 9 in Conjurations
  6440 | D:6      | Found an opulent altar of Gozag.
  6510 | D:6      | Reached skill level 5 in Dodging
  6593 | D:6      | Reached XP level 9. HP: 49/49 MP: 14/23
  6934 | D:6      | Found Xounuzy's General Store.
  6961 | D:6      | Bought a scroll of magic mapping for 45 gold pieces
  6961 | D:6      | Bought a +2 pair of gloves for 214 gold pieces
  7301 | D:6      | Found a glowing golden altar of the Shining One.
  7457 | D:7      | Noticed a kobold demonologist
  7469 | D:6      | Noticed a red devil
  7472 | D:6      | Noticed an ice devil
  7499 | D:6      | Killed a kobold demonologist
  7500 | D:6      | Reached skill level 10 in Conjurations
  7632 | D:6      | Reached ** piety under Vehumet
  7632 | D:6      | Offered knowledge of Freeze by Vehumet.
  7841 | D:7      | Noticed Harold
  7876 | D:7      | Slain by Harold

Illustrated notes

Levels and vault maps discovered:
D:1:      minmay_arrival_stone_box, layout_basic, serial_shops, shop,
          minmay_shallow_snake_nest
D:2:      layout_loops_ring, minmay_crystal_room
D:3:      layout_basic, yredelemnul_altar_generic, ebering_ghost_sewer_d,
          chequers_ecumenical_altar_island, st_stairs_7, uniq_sigmund
D:4:      layout_loops_corners, lemuel_doored_altar, lemuel_round_altar
D:5:      layout_basic, lemuel_crystal_altar, cheibrodos_ashenzari_chains,
          minmay_fractal_squares_diagonal_5
D:6:      layout_basic, nicolae_tso_swordbearing_angel,
          nicolae_gozag_cash_rules_everything_around_me, serial_shops,
          nicolae_shop_statue_plus, uniq_grinder
D:7:      layout_rooms, minmay_temple_entry_slanted, minmay_manual_monstrance,
          uniq_harold

Skill      XL: |  1  2  3  4  5  6  7  8  9 |
---------------+----------------------------+-----
Stealth        | 3 4 |  4.0
Conjurations   | 5 6 7 8 9 10 | 10.4
Spellcasting   | 4 5 6 7 8 |  8.3
Hexes          | 1 2 4 |  4.0
Translocations | 2 3 4 |  4.0
Dodging        | 3 5 6 |  6.2
Fighting       | 1 2 3 |  3.7

Action                   |  1- 3 |  4- 6 |  7- 9 || total
-------------------------+-------+-------+-------++-------
Melee: Short sword       |       |       |     2 ||     2
 Cast: Magic Dart        |    61 |    17 |    29 ||   107
       Searing Ray       |     5 |    13 |    62 ||    80
       Fulminant Prism   |       |       |     9 ||     9
       Iskenderun's Myst |       |       |     5 ||     5
  Use: Scroll            |     4 |     3 |     4 ||    11
       Potion            |       |     3 |     2 ||     5
Armor: Robe              |     5 |     5 |    23 ||    33
Dodge: Dodged            |     4 |     3 |    74 ||    81

Table legend: (Time is in decaauts)
 A = Elapsed time spent in this place.
 B = Non-inter-level travel time spent in this place.
 C = Inter-level travel time spent in this place.
 D = Time resting spent in this place.
 E = Time spent auto-exploring this place.
 F = Levels seen in this place.
 G = Mean time per level.
                   A        B        C        D        E       F      G
               +--------+--------+--------+--------+--------+-----+--------+
         Total |   7882 |   7542 |    340 |    208 |   6499 |   7 | 1126.0 |
       Dungeon |   7882 |   7542 |    340 |    208 |   6499 |   7 | 1126.0 |
               +--------+--------+--------+--------+--------+-----+--------+

Top non-repeatable levels by time:
     D:6: 1591 daAuts
     D:5: 1462 daAuts
     D:4: 1414 daAuts
     D:1: 1161 daAuts
     D:3: 1121 daAuts
     D:2: 937 daAuts
     D:7: 194 daAuts
